| TOP OF THE 1ST |
|
Midland RockHounds batting - Pitching for Erie SeaWolves : RHP Adam Huemmer
|
|
Pitching: RHP Adam Huemmer
|
|
|
Batting: LHB Zachary DeLuca
|
0-0: Ball 1-0: Fly out, F7 (Flyball, 78M, EV 83.8 MPH)
|
|
Batting: SHB Rich Muniz
|
0-0: Foul Ball, location: 2F 0-1: Swinging Strike 0-2: Ball 1-2: Foul Ball, location: 2F 1-2: Ball 2-2: DOUBLE (Flyball, 89D, EV 105.0 MPH)
|
|
Batting: RHB Dave Glenn
|
0-0: Ball 1-0: Called Strike 1-1: Foul Ball, location: 2F 1-2: Strikes out swinging
|
|
Batting: LHB John Shults
|
0-0: Ball 1-0: Foul Ball, location: 2F 1-1: Swinging Strike 1-2: Strikes out swinging
|
| Top of the 1st over - 0 runs, 1 hit, 0 errors, 1 left on base; Midland 0 - Erie 0 |
| BOTTOM OF THE 1ST |
|
Erie SeaWolves batting - Pitching for Midland RockHounds : RHP Mike Staley
|
|
Pitching: RHP Mike Staley
|
|
|
Batting: RHB Tanner Purchase
|
0-0: Ground out 6-3 (Groundball, 6, EV 86.9 MPH)
|
|
Batting: RHB Victor Reyes
|
0-0: Called Strike 0-1: Foul Ball, location: 2F 0-2: Foul Ball, location: 2F 0-2: Strikes out looking
|
|
Batting: RHB John Evancho
|
0-0: Called Strike 0-1: Fly out, F8 (Flyball, 78D, EV 108.1 MPH)
|
| Bottom of the 1st over - 0 runs, 0 hits, 0 errors, 0 left on base; Midland 0 - Erie 0 |
| TOP OF THE 2ND |
|
Midland RockHounds batting - Pitching for Erie SeaWolves : RHP Adam Huemmer
|
|
Batting: RHB Luis Restrepo
|
0-0: Ball 1-0: Ball 2-0: Ball 3-0: Base on Balls
|
|
Batting: RHB Danny Heikkila
|
0-0: Swinging Strike 0-1: Ball 1-1: Called Strike 1-2: Strikes out looking
|
|
Batting: RHB Carlos Ballesteros
|
0-0: Called Strike 0-1: Swinging Strike 0-2: Ball 1-2: Ball 2-2: Strikes out swinging
|
|
Batting: RHB Armando Estrada
|
0-0: Ground out 1-3 (Groundball, 15S, EV 71.2 MPH)
|
| Top of the 2nd over - 0 runs, 0 hits, 0 errors, 1 left on base; Midland 0 - Erie 0 |
| BOTTOM OF THE 2ND |
|
Erie SeaWolves batting - Pitching for Midland RockHounds : RHP Mike Staley
|
|
Batting: RHB Steve Clark
|
0-0: Ball 1-0: Ball 2-0: Ball 3-0: Called Strike 3-1: Ground out 4-3 (Groundball, 4, EV 84.4 MPH)
|
|
Batting: RHB Aaron Cusick
|
0-0: Called Strike 0-1: SINGLE (Flyball, 9LS, EV 92.5 MPH)
|
|
Batting: RHB Eric Angelle
|
0-0: Ball Aaron Cusick is caught stealing 2nd base 2-4 1-0: Ball 2-0: Called Strike 2-1: Fly out, F9 (Flyball, 9S, EV 88.1 MPH)
|
| Bottom of the 2nd over - 0 runs, 1 hit, 0 errors, 0 left on base; Midland 0 - Erie 0 |
| TOP OF THE 3RD |
|
Midland RockHounds batting - Pitching for Erie SeaWolves : RHP Adam Huemmer
|
|
Batting: RHB Dunlang Clark
|
0-0: Foul Ball, location: 2F 0-1: Ball 1-1: Ball 2-1: Called Strike 2-2: Ball 3-2: Base on Balls
|
|
Batting: LHB Zachary DeLuca
|
0-0: Ball 1-0: Foul Ball, location: 2F 1-1: Ball 2-1: Foul Ball, location: 2F 2-2: Grounds into double play, 4-6-3 (Groundball, 4, EV 91.9 MPH)
|
|
Batting: SHB Rich Muniz
|
0-0: Called Strike 0-1: SOLO HOME RUN (Line Drive, 7D, EV 99.4 MPH), Distance : 381 ft
|
|
Batting: RHB Dave Glenn
|
0-0: Ball 1-0: Ball 2-0: Called Strike 2-1: Swinging Strike 2-2: Fly out, F9 (Flyball, 89D, EV 80.0 MPH)
|
| Top of the 3rd over - 1 run, 1 hit, 0 errors, 0 left on base; Midland 1 - Erie 0 |
| BOTTOM OF THE 3RD |
|
Erie SeaWolves batting - Pitching for Midland RockHounds : RHP Mike Staley
|
|
Batting: RHB Carlos Armenteros
|
0-0: Ball 1-0: Called Strike 1-1: Swinging Strike 1-2: Ball 2-2: Foul Ball, location: 2F 2-2: Reached on error, E9 (Flyball, 9, EV 93.1 MPH)
|
|
Batting: RHB Adam MacConnell
|
0-0: Ball 1-0: Foul Ball, location: 2F 1-1: Called Strike Carlos Armenteros steals 2nd, throwing error, E2 Carlos Armenteros to third 1-2: Ground out 4-3 (Groundball, 4M, EV 83.8 MPH) Carlos Armenteros scores
|
|
Batting: SHB Shohei Fujii
|
0-0: Foul Ball, location: 2F 0-1: Swinging Strike 0-2: Fly out, F7 (Flyball, 78M, EV 86.9 MPH)
|
|
Batting: RHB Tanner Purchase
|
0-0: Called Strike 0-1: Fly out, F9 (Flyball, 89M, EV 83.1 MPH)
|
| Bottom of the 3rd over - 1 run, 0 hits, 2 errors, 0 left on base; Midland 1 - Erie 1 |
| TOP OF THE 4TH |
|
Midland RockHounds batting - Pitching for Erie SeaWolves : RHP Adam Huemmer
|
|
Batting: LHB John Shults
|
0-0: Called Strike 0-1: Ball 1-1: Foul Ball, location: 2F 1-2: Reached via error on a dropped throw from 3B, E3 (Groundball, 5D, EV 79.4 MPH)
|
|
Batting: RHB Luis Restrepo
|
0-0: Called Strike 0-1: Ball 1-1: Ball 2-1: Ball 3-1: Called Strike 3-2: Grounds into double play, 6-4-3 (Groundball, 6, EV 88.1 MPH)
|
|
Batting: RHB Danny Heikkila
|
0-0: Ball 1-0: Foul Ball, location: 2F 1-1: Swinging Strike 1-2: Ground out 5-3 (Groundball, 5, EV 80.6 MPH)
|
| Top of the 4th over - 0 runs, 0 hits, 1 error, 0 left on base; Midland 1 - Erie 1 |
| BOTTOM OF THE 4TH |
|
Erie SeaWolves batting - Pitching for Midland RockHounds : RHP Mike Staley
|
|
Batting: RHB Victor Reyes
|
0-0: Ball 1-0: Foul Ball, location: 2F 1-1: Called Strike 1-2: Ball 2-2: Strikes out swinging
|
|
Batting: RHB John Evancho
|
0-0: Ground out 6-3 (Groundball, 6, EV 83.1 MPH)
|
|
Batting: RHB Steve Clark
|
0-0: Ball 1-0: SINGLE (Groundball, 34D, EV 103.1 MPH)
|
|
Batting: RHB Aaron Cusick
|
0-0: Ball 1-0: Fly out, F3 (Popup, 3SF, EV 75.0 MPH)
|
| Bottom of the 4th over - 0 runs, 1 hit, 0 errors, 1 left on base; Midland 1 - Erie 1 |
| TOP OF THE 5TH |
|
Midland RockHounds batting - Pitching for Erie SeaWolves : RHP Adam Huemmer
|
|
Batting: RHB Carlos Ballesteros
|
0-0: Called Strike 0-1: Foul Ball, location: 2F 0-2: Ball 1-2: Foul Ball, location: 2F 1-2: Ball 2-2: Ball 3-2: Base on Balls
|
|
Batting: RHB Armando Estrada
|
0-0: Fielders Choice at 2nd, 6-4 (Groundball, 6, EV 100.6 MPH)
|
|
Batting: RHB Dunlang Clark
|
0-0: SINGLE (Line Drive, 3D, EV 99.4 MPH) Armando Estrada to second Runner from 2nd tries for 3rd, SAFE, no throw by RF
|
|
Batting: LHB Zachary DeLuca
|
0-0: Ball 1-0: Called Strike Dunlang Clark is caught stealing 2nd base 2-6 1-1: SINGLE (Groundball, 5D, EV 96.2 MPH) Armando Estrada scores
|
|
Batting: SHB Rich Muniz
|
0-0: Ball 1-0: Swinging Strike 1-1: Foul Ball, location: 2F 1-2: Ground out 1-3 (Groundball, 34S, EV 73.1 MPH)
|
| Top of the 5th over - 1 run, 2 hits, 0 errors, 1 left on base; Midland 2 - Erie 1 |
| BOTTOM OF THE 5TH |
|
Erie SeaWolves batting - Pitching for Midland RockHounds : RHP Mike Staley
|
|
Batting: RHB Eric Angelle
|
0-0: Ball 1-0: Fly out, F9 (Flyball, 9D, EV 91.2 MPH)
|
|
Batting: RHB Carlos Armenteros
|
0-0: Called Strike 0-1: Fly out, F8 (Line Drive, 8RD, EV 89.4 MPH)
|
|
Batting: RHB Adam MacConnell
|
0-0: Ball 1-0: Foul Ball, location: 2F 1-1: DOUBLE (Flyball, 89XD, EV 113.1 MPH)
|
|
Batting: SHB Shohei Fujii
|
0-0: Ball 1-0: Foul Ball, location: 2F 1-1: Swinging Strike 1-2: Ball 2-2: 2-RUN HOME RUN (Flyball, 9D, EV 98.8 MPH), Distance : 375 ft
|
|
Batting: RHB Tanner Purchase
|
0-0: Ball 1-0: Called Strike 1-1: Called Strike 1-2: Strikes out swinging
|
| Bottom of the 5th over - 2 runs, 2 hits, 0 errors, 0 left on base; Midland 2 - Erie 3 |
| TOP OF THE 6TH |
|
Midland RockHounds batting - Pitching for Erie SeaWolves : RHP Adam Huemmer
|
|
Batting: RHB Dave Glenn
|
0-0: Swinging Strike 0-1: Foul Ball, location: 2F 0-2: Strikes out swinging
|
|
Batting: LHB John Shults
|
0-0: Ball 1-0: Foul Ball, location: 2F 1-1: Ground out 2-3 (Groundball, 2L, EV 69.4 MPH)
|
|
Batting: RHB Luis Restrepo
|
0-0: Foul Ball, location: 2F 0-1: Foul Ball, location: 2F 0-2: Reached on error, E5 (Groundball, 56S, EV 90.0 MPH)
|
|
Batting: RHB Danny Heikkila
|
0-0: Ball 1-0: Fielders Choice at 2nd, 6-4 (Groundball, 6, EV 90.0 MPH)
|
| Top of the 6th over - 0 runs, 0 hits, 1 error, 1 left on base; Midland 2 - Erie 3 |
| BOTTOM OF THE 6TH |
|
Erie SeaWolves batting - Pitching for Midland RockHounds : RHP Mike Staley
|
|
Batting: RHB Victor Reyes
|
0-0: Called Strike 0-1: Hit by Pitch
|
|
Batting: RHB John Evancho
|
0-0: Called Strike 0-1: SINGLE (Groundball, 56D, EV 109.4 MPH) Victor Reyes to second
|
|
Batting: RHB Steve Clark
|
0-0: Fly out, F7 (Flyball, 78M, EV 76.9 MPH)
|
|
Batting: RHB Aaron Cusick
|
0-0: Fly out, F8 (Flyball, 8RM, EV 90.6 MPH)
|
|
Batting: RHB Eric Angelle
|
0-0: Ball 1-0: Swinging Strike 1-1: Fly out, F8 (Flyball, 8LXD, EV 106.2 MPH)
|
| Bottom of the 6th over - 0 runs, 1 hit, 0 errors, 2 left on base; Midland 2 - Erie 3 |
| TOP OF THE 7TH |
|
Midland RockHounds batting - Pitching for Erie SeaWolves : RHP Adam Huemmer
|
|
Batting: RHB Carlos Ballesteros
|
0-0: Called Strike 0-1: Ground out 2-3 (Groundball, 15S, EV 72.5 MPH)
|
|
Batting: RHB Armando Estrada
|
0-0: Ground out 5-3 (Groundball, 56S, EV 83.8 MPH)
|
|
Batting: RHB Dunlang Clark
|
0-0: Ball 1-0: Called Strike 1-1: Ball 2-1: Fly out, F7 (Line Drive, 7D, EV 100.0 MPH)
|
| Top of the 7th over - 0 runs, 0 hits, 0 errors, 0 left on base; Midland 2 - Erie 3 |
| BOTTOM OF THE 7TH |
|
Erie SeaWolves batting - Pitching for Midland RockHounds : RHP Mike Staley
|
|
Batting: RHB Carlos Armenteros
|
0-0: Fly out, F8 (Flyball, 8RM, EV 81.2 MPH)
|
|
Batting: RHB Adam MacConnell
|
0-0: Ground out 3-1 (Groundball, 34, EV 99.4 MPH)
|
|
Batting: SHB Shohei Fujii
|
0-0: Foul Ball, location: 2F 0-1: SINGLE (Groundball, 25, EV 66.2 MPH) (infield hit)
|
|
Batting: RHB Tanner Purchase
|
0-0: Ball 1-0: Fielders Choice at 2nd, 5-4 (Groundball, 5, EV 77.5 MPH)
|
| Bottom of the 7th over - 0 runs, 1 hit, 0 errors, 1 left on base; Midland 2 - Erie 3 |
| TOP OF THE 8TH |
|
Midland RockHounds batting - Pitching for Erie SeaWolves : RHP Adam Huemmer
|
|
Batting: LHB Zachary DeLuca
|
0-0: Ground out 6-3 (Groundball, 6, EV 98.1 MPH)
|
|
Batting: SHB Rich Muniz
|
0-0: Foul Ball, location: 2F 0-1: Ball 1-1: Ball 2-1: Ground out 4-3 (Groundball, 34S, EV 85.6 MPH)
|
|
Batting: RHB Dave Glenn
|
0-0: Ball 1-0: Ball 2-0: Ball 3-0: Base on Balls
|
|
Pitching: RHP Cameron Maxwell
|
|
|
Batting: LHB John Shults
|
0-0: Called Strike 0-1: Ball 1-1: Ball 2-1: Fly out, F8 (Flyball, 8RD, EV 98.8 MPH)
|
| Top of the 8th over - 0 runs, 0 hits, 0 errors, 1 left on base; Midland 2 - Erie 3 |
| BOTTOM OF THE 8TH |
|
Erie SeaWolves batting - Pitching for Midland RockHounds : RHP Mike Staley
|
|
Batting: RHB Victor Reyes
|
0-0: Ball 1-0: Swinging Strike 1-1: Ball 2-1: Foul Ball, location: 2F 2-2: Foul Ball, location: 2F 2-2: Strikes out looking
|
|
Batting: RHB John Evancho
|
0-0: Ball 1-0: Ball 2-0: Called Strike 2-1: DOUBLE (Flyball, 8LXD, EV 111.2 MPH)
|
|
Batting: RHB Steve Clark
|
0-0: Intentional Walk
|
|
Batting: RHB Aaron Cusick
|
0-0: Swinging Strike 0-1: Fly out, F8 (Line Drive, 8RM, EV 91.9 MPH)
|
|
Batting: RHB Eric Angelle
|
0-0: Ball 1-0: Fielders Choice at 2nd, 6-4 (Groundball, 6, EV 85.0 MPH)
|
| Bottom of the 8th over - 0 runs, 1 hit, 0 errors, 2 left on base; Midland 2 - Erie 3 |
| TOP OF THE 9TH |
|
Midland RockHounds batting - Pitching for Erie SeaWolves : RHP Cameron Maxwell
|
|
Batting: RHB Luis Restrepo
|
0-0: Called Strike 0-1: Called Strike 0-2: Strikes out swinging
|
|
Pinch Hitting: LHB Chance Stever
|
0-0: Ball 1-0: Called Strike 1-1: Ball 2-1: Foul Ball, location: 2F 2-2: Strikes out swinging
|
|
Batting: RHB Carlos Ballesteros
|
0-0: Called Strike 0-1: Ball 1-1: Swinging Strike 1-2: Strikes out swinging
|
| Top of the 9th over - 0 runs, 0 hits, 0 errors, 0 left on base; Midland 2 - Erie 3 |
|